Map: Eternal Empire LE

Players

Ziggy

  • Race: Terran Terran
  • League: Grandmaster
  • Spawn Location: 1:00

TLHarstem (Harstem) - Winner!

  • Race: Protoss Protoss
  • League: Master
  • Spawn Location: 7:00

Event: DreamHack SC2 Masters 2020 Summer Europe

VOD

Have the link to the VOD?

Description

Time

  • Played on: June 27, 2020, 2:17 p.m.
  • Length: 10:59

All games in this series

Show
View Real Time Build Order
Export as new Build Order

Ziggy Terran 

Build Orders: Reaper Expand 

Get SALT Encoding   

  12  0:00  SCV  
  13  0:12  SCV  
  14  0:17  Supply Depot  
  14  0:24  SCV  
  15  0:38  SCV  
  15  0:40  Barracks  
  16  0:44  Refinery  
  16  0:50  SCV  
  17  1:02  SCV  
  18  1:15  SCV  
  19  1:28  Reaper, Orbital Command  
  20  1:45  Command Center  
  20  1:50  Supply Depot  
  21  1:54  SCV  
  21  1:59  Marine  
  22  2:06  SCV, Bunker  
  23  2:17  Barracks Reactor  
  23  2:18  SCV  
  24  2:30  SCV  
  25  2:42  SCV  
  26  2:46  Command Center  
  26  2:54  SCV  
  26  2:55  Marine x2  
  26  2:57  Orbital Command  
  29  3:06  SCV  
  29  3:07  Barracks  
  30  3:12  Marine  
  30  3:13  Marine  
  30  3:19  SCV  
  33  3:20  Barracks  
  33  3:23  SCV  
  34  3:30  Engineering Bay  
  34  3:31  SCV, Marine  
  34  3:33  Marine  
  37  3:38  SCV, Refinery  
  38  3:43  SCV  
  39  3:49  Marine  
  39  3:50  SCV, Supply Depot, Marine  
  39  3:55  SCV  
  43  3:56  Barracks Tech Lab  
  43  3:57  Supply Depot  
  43  4:02  Orbital Command  
  43  4:04  SCV  
  44  4:11  SCV, Marine, Barracks Tech Lab  
  44  4:16  SCV, Stimpack  
  46  4:20  Terran Infantry Weapons Level 1  
  46  4:24  Marauder  
  48  4:25  SCV  
  48  4:29  SCV x2  
  51  4:34  Marauder  
  51  4:37  SCV  
  54  4:40  Factory  
  54  4:41  SCV x2  
  54  4:45  Combat Shield, Marauder  
  58  4:49  SCV  
  58  4:50  Marine x2  
  61  4:53  Refinery  
  61  4:54  SCV, Marine  
  61  4:55  SCV  
  61  4:56  Refinery  
  64  5:02  SCV  
  64  5:06  SCV, Marauder  
  68  5:08  Marine x2  
  68  5:12  Supply Depot  
  68  5:13  Marauder  
  72  5:17  SCV  
  72  5:20  SCV x2, Supply Depot  
  75  5:21  Supply Depot  
  75  5:25  Armory, Factory Reactor, Starport  
  75  5:29  SCV  
  75  5:32  SCV  
  75  5:34  Marauder, Marine x2  
  81  5:38  SCV  
  81  5:40  Engineering Bay  
  81  5:41  SCV  
  83  5:44  Marauder  
  83  5:48  SCV  
  86  5:51  Marine x2  
  86  5:52  Orbital Command  
  86  5:55  Marauder  
  90  5:57  SCV  
  91  6:05  Marauder  
  91  6:07  SCV, Missile Turret  
  91  6:08  Missile Turret  
  91  6:09  SCV, Medivac x2  
  99  6:13  Factory Reactor  
  99  6:17  Marauder  
  101  6:20  Terran Infantry Weapons Level 2  
  101  6:24  Terran Infantry Armor Level 1  
  101  6:34  Refinery  
  101  6:35  Refinery  
  101  6:36  SCV x3  
  101  6:38  Supply Depot  
  104  6:40  Supply Depot  
  104  6:41  Medivac x2  
  108  6:48  SCV  
  108  6:52  Supply Depot  
  108  6:53  Supply Depot  
  109  6:55  Concussive Shells  
  109  7:00  SCV x3  
  112  7:03  Supply Depot x2  
  112  7:04  Marauder x2, Marine x2  
  112  7:07  Widow Mine x2  
  122  7:12  SCV x2  
  122  7:14  SCV  
  125  7:22  Marine x2  
  126  7:24  SCV  
  126  7:25  Marauder x2  
  126  7:27  SCV x2  
  133  7:36  SCV  
  132  7:39  SCV x2  
  132  7:40  Marine x2  
  136  7:46  Marauder, Marine  
  136  7:48  SCV  
  136  7:50  Supply Depot  
  139  7:52  Supply Depot  
  139  7:55  Supply Depot, Missile Turret  
  139  7:56  SCV x2, Missile Turret  
  139  7:57  Marine  
  142  7:58  Marine  
  142  8:04  Marauder  
  145  8:08  Marauder  
  145  8:09  Barracks  
  145  8:10  Barracks  
  145  8:12  Medivac x2  
  151  8:22  Terran Infantry Armor Level 2, Ghost Academy  
  151  8:25  SCV x2  
  153  8:28  SCV  
  152  8:36  Command Center  
  152  8:39  Missile Turret  
  152  8:49  Marauder, Marine  
  152  8:52  Liberator x2  
  152  8:53  Enhanced Shockwaves  
  157  9:04  Marauder, Marine  
  160  9:10  Barracks Tech Lab x2  
  160  9:16  Supply Depot x2  
  162  9:20  Barracks  
  162  9:21  Starport  
  162  9:23  Barracks  
  162  9:28  Widow Mine x2  
  164  9:39  Unknown  
  164  9:41  Marauder, Marine  
  164  9:44  Marine  
  145  9:54  Unknown, Marauder  
  145  9:58  Marine  
  144  10:02  Marine  
  144  10:03  Marauder, Widow Mine  
  149  10:09  Unknown x2, Marauder  
  149  10:16  Marine  
  149  10:20  Marine  
  151  10:24  Marauder  
  151  10:26  Marine  
  145  10:33  Marine  
  145  10:34  Marine  
  149  10:37  Unknown, Marine  
  159  10:44  Unknown  
  156  10:59  Unknown  
Show
View Real Time Build Order
Export as new Build Order

TLHarstem Protoss - Winner!

Build Orders: 1 Gate Expand, Phoenix Opening, Zealot Archon 

Get SALT Encoding   

  12  0:00  Probe  
  13  0:13  Probe  
  14  0:17  Pylon  
  14  0:25  Probe  
  15  0:33  Probe  
  15  0:35  Gateway  
  15  0:41  Probe  
  16  0:49  Assimilator  
  17  0:51  Probe  
  18  1:03  Probe  
  19  1:15  Probe  
  20  1:22  Cybernetics Core  
  20  1:32  Nexus  
  20  1:39  Pylon  
  20  1:43  Probe  
  21  1:49  Adept  
  21  1:50  Assimilator  
  21  1:55  Probe  
  21  1:59  Warp Gate  
  24  2:07  Probe  
  25  2:09  Stalker  
  25  2:20  Probe  
  28  2:32  Probe  
  29  2:41  Probe  
  29  2:44  Probe  
  30  2:45  Stalker  
  30  2:49  Probe  
  33  2:51  Robotics Facility  
  33  2:56  Probe  
  35  2:59  Probe  
  36  3:08  Probe, Gateway  
  36  3:11  Probe  
  38  3:13  Assimilator  
  38  3:18  Sentry  
  38  3:19  Probe  
  40  3:20  Probe  
  40  3:26  Pylon  
  42  3:27  Probe  
  42  3:32  Probe  
  44  3:37  Probe  
  44  3:38  Observer  
  46  3:44  Probe  
  46  3:46  Nexus  
  47  3:49  Probe, Pylon  
  47  3:54  Stalker  
  50  3:56  Phoenix  
  50  4:00  Pylon, Observer  
  52  4:02  Probe  
  52  4:05  Stalker  
  54  4:10  Probe  
  54  4:15  Probe  
  56  4:19  Stalker  
  56  4:22  Probe  
  59  4:26  Pylon  
  59  4:27  Probe  
  59  4:28  Shield Battery  
  59  4:30  Gateway  
  60  4:32  Zealot  
  63  4:39  Probe  
  63  4:40  Probe  
  63  4:44  Twilight Council  
  64  4:48  Probe  
  64  4:49  Forge  
  64  4:50  Probe  
  66  4:55  Probe, Sentry  
  66  4:58  Probe x2  
  69  5:00  Immortal  
  69  5:01  Observer  
  69  5:03  Probe  
  69  5:04  Forge  
  71  5:08  Probe  
  71  5:10  Protoss Ground Armor Level 1  
  71  5:11  Probe  
  71  5:13  Probe  
  78  5:16  Protoss Ground Weapons Level 1  
  78  5:19  Probe  
  80  5:23  Probe  
  80  5:26  Observer  
  82  5:30  Charge  
  82  5:31  Probe, Gateway  
  82  5:33  Gateway  
  82  5:35  Probe  
  84  5:37  Pylon  
  84  5:39  Probe  
  84  5:42  Gateway  
  84  5:49  Probe  
  85  5:50  Probe  
  85  5:53  Warp Prism, Assimilator  
  88  5:57  Assimilator  
  88  6:02  Gateway  
  88  6:03  Gateway  
  88  6:04  Probe, Templar Archives  
  89  6:07  Probe  
  89  6:09  Probe  
  89  6:11  Pylon  
  91  6:15  Pylon  
  91  6:16  Probe  
  92  6:18  Zealot x2  
  92  6:19  Zealot  
  92  6:23  Observer  
  98  6:28  Zealot  
  98  6:31  Pylon  
  98  6:32  Pylon  
  100  6:37  Probe  
  101  6:41  High Templar x2  
  101  6:42  Zealot  
  101  6:45  Archon  
  101  6:46  Photon Cannon  
  107  6:47  Nexus  
  107  6:51  Pylon  
  107  6:52  High Templar x2  
  107  6:53  Zealot  
  113  6:59  Archon  
  113  7:00  Zealot x2  
  117  7:02  Probe  
  117  7:06  Robotics Bay, Protoss Ground Armor Level 2  
  117  7:07  Pylon  
  118  7:13  Zealot  
  120  7:18  Protoss Ground Weapons Level 2, Pylon  
  120  7:20  Probe  
  120  7:21  Blink  
  120  7:22  Warp Prism, Probe  
  122  7:25  Probe  
  119  7:32  Probe  
  119  7:34  Zealot x2  
  119  7:36  Probe  
  125  7:37  Zealot x3  
  125  7:38  Zealot x2  
  125  7:42  Shield Battery  
  131  7:53  Unknown  
  131  7:55  Zealot  
  131  7:57  Photon Cannon  
  131  7:58  Disruptor  
  136  8:02  Zealot x3  
  136  8:03  Zealot  
  144  8:07  Zealot  
  144  8:08  Zealot x2  
  149  8:14  Probe  
  150  8:20  Probe  
  150  8:23  Robotics Facility, Disruptor  
  150  8:25  Probe, Pylon  
  152  8:27  Pylon  
  152  8:29  Pylon  
  153  8:39  High Templar x2  
  153  8:45  Archon  
  153  8:46  Zealot x5  
  153  8:47  Zealot  
  165  8:53  Pylon  
  165  8:59  Disruptor x2  
  156  9:04  Nexus  
  156  9:11  Stalker x5  
  169  9:17  Pylon  
  169  9:22  Stalker  
  169  9:23  Stalker x2  
  171  9:34  Probe, Dark Shrine  
  171  9:35  Disruptor  
  171  9:37  Gateway  
  171  9:38  Gateway  
  175  9:39  Disruptor  
  165  9:45  Zealot x3  
  165  9:46  Zealot x4  
  175  9:57  Stalker  
  177  10:03  Probe  
  178  10:10  Stalker x3  
  178  10:11  Stalker x4  
  186  10:24  Probe x2  
  186  10:26  Probe  
  185  10:30  Zealot  
  193  10:40  Zealot x3  
Tags
 
Add a new tag
Caveats
  • Supply blocks, unpowered buildings, or Contaminate may cause inaccurate times.
  • Supply counts are checked every 10 seconds.